 Dungeon Crawl Stone Soup version 0.24-a0-132-ge4b1dce (webtiles) character file.

Game seed: 0

13 Gunnerkreig the Magician (level 2, -4/20 HPs)
             Began as a Draconian Wizard on Feb 27, 2019.
             Was an Initiate of Vehumet.
             Slain by a scorpion (9 damage)
             ... on level 2 of the Dungeon.
             The game lasted 00:05:42 (880 turns).

Gunnerkreig the Magician (Draconian Wizard)          Turns: 880, Time: 00:05:42

Health: -4/20      AC:  4    Str:  6 (9)  XL:     2   Next: 24%
Magic:  1/6        EV: 12    Int: 17 (18) God:    Vehumet [......]
Gold:   32         SH:  0    Dex:  8 (11) Spells: 6/7 levels left

rFire    . . .     SeeInvis .   d - +0 short sword
rCold    . . .     Gourm    .   (no shield)
rNeg     . . .     Faith    .   (armour unavailable)
rPois    .         Spirit   .   a - +0 hat
rElec    .         Reflect  .   (no cloak)
rCorr    .         Harm     .   (no gloves)
MR       .....                  (no boots)
Stlth    ++........             (no amulet)
HPRegen  0.06/turn              o - +2 ring of dexterity
MPRegen  0.10/turn              (no ring)

@: lethally poisoned (-4 -> -11), invisible
A: unfitting armour, cold-blooded, AC +4
a: Renounce Religion


You were on level 2 of the Dungeon.
You worshipped Vehumet.
Vehumet was noncommittal.
You were not hungry.

You visited 1 branch of the dungeon, and saw 2 of its levels.

You collected 32 gold pieces.

Inventory:

Hand Weapons
 d - a +0 short sword (weapon)
Missiles
 e - 32 sling bullets
Armour
 a - a +0 hat (worn)
 f - a +0 buckler
Jewellery
 o - a +2 ring of dexterity (left hand)
Scrolls
 b - a scroll of magic mapping
 g - a scroll of amnesia {unknown}
 h - 2 scrolls of remove curse
 i - 2 scrolls of noise
 m - a scroll of enchant weapon {unknown}
 n - a scroll of teleportation {unknown}
Potions
 l - a potion of degeneration
Comestibles
 c - 4 rations


   Skills:
 - Level 1.7 Dodging
 - Level 1.7 Stealth
 * Level 3.4 Spellcasting
 + Level 1.4 Conjurations
   Level 1.0 Summonings
   Level 1.0 Translocations


You had 6 spell levels left.
You knew the following spells:

 Your Spells              Type           Power        Failure   Level  Hunger
a - Magic Dart            Conj           #...         9%          1    None

Your spell library contained the following spells:

 Spells                   Type           Power        Failure   Level  Hunger
 Blink                    Tloc           N/A          17%         2    ##.....
 Call Imp                 Summ           #.......     17%         2    ##.....
 Slow                     Hex            #.......     26%         2    ##.....
 Conjure Flame            Conj/Fire      #.......     36%         3    ###....
 Mephitic Cloud           Conj/Pois/Air  #.......     38%         3    ###....


Dungeon Overview and Level Annotations

Branches:
Dungeon (2/15)

Altars:
Vehumet


Innate Abilities, Weirdness & Mutations

Your plain brown scales are hard. (AC +4)
You cannot fit into any form of body armour.
You are cold-blooded and may be slowed by cold attacks.


Message History

Confirm with . or Enter, or press ? or * to list all spells.
Aiming: Magic Dart (safe; 9% risk of failure)
Press: ? - help, Shift-Dir - straight line, f/p - scorpion
Aim: a scorpion (lightly wounded)
The magic dart hits the scorpion.
The scorpion is lightly wounded.
You feel sick.
The scorpion stings you but does no damage.
You feel sick.
* * * LOW HITPOINT WARNING * * *
You feel sick.
It was a potion of degeneration.
There was something very wrong with that liquid.
You feel weakened.
You feel dopey.
You feel clumsy. The scorpion misses you.
It was a potion of invisibility.
You fade into invisibility!
* * * LOW HITPOINT WARNING * * *
You feel sick. The scorpion stings you!
You die...

###### #....# *####### * *
########....# *......# *
###.....##....#####?.....#*******
.........'.[....@s'......+,,,,,,,
**#......#....#####......#*******
* #......#....# *#######*******
**#......###### *****,,,,**
...#####.# *,,,+,,,,,, *#,* #.#
***,***,,,,** ,,,* #.#
**,,,***,,,,** **** #.#
****,,,,,**,,,,** ,,,* #.#
*,,,,,,,,*,,,****


You could see a scorpion.

Vanquished Creatures
  A hobgoblin (D:1)
  3 jackals (D:1)
  5 bats (D:1)
  A frilled lizard (D:1)
  2 kobolds (D:1)
  2 rats (D:1)
14 creatures vanquished.

Notes
Turn   | Place    | Note
-------+----------+-------------------------------------------
     0 | D:1      | Gunnerkreig the Draconian Wizard began the quest for the
                  | Orb.
     0 | D:1      | Reached XP level 1. HP: 14/14 MP: 4/4
     0 | D:1      | Upgraded the game from 0.24-a0-130-ga3c21ff to
                  | 0.24-a0-132-ge4b1dce
   283 | D:1      | Reached XP level 2. HP: 17/20 MP: 1/6
   778 | D:2      | Found a radiant altar of Vehumet.
   787 | D:2      | Became a worshipper of Vehumet
   871 | D:2      | Noticed a scorpion
   880 | D:2      | Slain by a scorpion

Levels and vault maps discovered:
D:1:      scummos_arrival_gate, layout_basic
D:2:      layout_basic, vehumet_crystals

Action                   || total
-------------------------++-------
Melee: Unarmed           ||     9
       Dagger            ||    38
       Tailslap          ||     4
 Cast: Magic Dart        ||    35
  Use: Scroll            ||     4
       Potion            ||     2
Armor: Skin              ||    22
Dodge: Dodged            ||    47

Table legend:
 A = Non-vault XP
 B = Vault XP
 C = Vault XP percentage of total XP
 D = Non-vault monster count
 E = Vault monster count
 F = Vault count percentage of total count
                 A         B        C        D         E       F
            +---------+---------+-------+---------+---------+-------
      Total |      19 |       0 |   0.0 |      14 |       0 |   0.0
            +---------+---------+-------+---------+---------+-------
        D:1 |      19 |       0 |   0.0 |      14 |       0 |   0.0
            +---------+---------+-------+---------+---------+-------
